 Dungeon Crawl Stone Soup version 0.30-a0-122-g2a1322497e (webtiles) character file.

Game seed: 16654715295723399639

92 GandalfHyperdrive the Insei (level 4, -2/32 HPs)
             Began as a Merfolk Transmuter on Sept 16, 2022.
             Was a Believer of Lugonu.
             Slain by an orc wizard
             ... wielding a +0 dagger
              (3 damage)
             ... on level 3 of the Dungeon.
             The game lasted 00:16:21 (3410 turns).

GandalfHyperdrive the Insei (Merfolk Transmuter)    Turns: 3410, Time: 00:16:21

Health: -2/32      AC:  6    Str: 10    XL:     4   Next: 60%
Magic:  7/7        EV:  9    Int: 14    God:    Lugonu [**....]
Gold:   100        SH:  0    Dex: 14    Spells: 6/7 levels left

rFire   + . .      SeeInvis .      - Unarmed
rCold   + . .      Faith    .    (no shield)
rNeg    . . .      Spirit   .    m - +0 scale mail
rPois   +          Reflect  .    (no helmet)
rElec   +          Harm     .    (no cloak)
rCorr   +          Rampage  .    (no gloves)
Will    .....                    (no boots)
Stlth   ..........               (no amulet)
HPRegen 0.10/turn                (no ring)
MPRegen 0.10/turn                (no ring)

@: resistant, on berserk cooldown, slowed, very slow
A: (nimble swimmer 2), mertail
a: Renounce Religion, Depart the Abyss, Bend Space


You were on level 3 of the Dungeon.
You worshipped Lugonu.
Lugonu was pleased with you.
You visited 1 branch of the dungeon, and saw 3 of its levels.

You collected 100 gold pieces.

Inventory:

Missiles
 d - 22 stones
 g - 6 atropa-tipped darts
Armour
 a - a +0 robe
 f - a +0 cloak
 m - a +0 scale mail (worn)
Scrolls
 b - a scroll of magic mapping {unknown}
 c - a scroll of brand weapon {unknown}
 j - 2 scrolls of vulnerability {unknown}
 l - 4 scrolls of teleportation {unknown}
 n - a scroll of butterflies {unknown}
 o - a scroll of blinking {unknown}
 p - a scroll of amnesia {unknown}
 q - a scroll of noise {unknown}
Potions
 i - a potion of curing {unknown}
 k - a potion of flight {unknown}
 r - a potion of heal wounds {unknown}
 s - a potion of attraction {unknown}


   Skills:
 + Level 1.3 Fighting
 + Level 0.1 Armour
 + Level 3.3 Dodging
 + Level 1.2 Stealth
 + Level 4.6 Unarmed Combat
 + Level 2.3 Spellcasting
 + Level 3.3 Transmutations


You had 6 spell levels left.
You knew the following spells:

 Your Spells              Type           Power      Damage    Failure   Level
a - Beastly Appendage     Tmut           22%        N/A       38%         1

Your spell library contained the following spells:

 Spells                   Type           Power      Damage    Failure   Level
 Wereblood                Tmut           11%        N/A       54%         2
 Spider Form              Tmut/Pois      6%         N/A       94%         3
 Gell's Gravitas          Tloc           1%         N/A       99%         3
 Lesser Beckoning         Tloc           1%         N/A       99%         3
 Teleport Other           Tloc           1%         N/A       99%         3
 Ice Form                 Ice/Tmut       6%         N/A       100%        4


Dungeon Overview and Level Annotations

Branches:
Dungeon (3/15)

Altars:
Lugonu

Annotations:
D:2 1 exclusion


Innate Abilities, Weirdness & Mutations

((You are very nimble when in or above water. (Stealth+, EV+, Speed+++)))
Your lower body shifts to a powerful aquatic tail in water.


Message History

The magic dart hits you! Something hits you. The orc barely misses you.
You barely miss the orc priest.
The orc priest is lightly wounded.
The orc priest hits you with a +0 dagger.
* * * LOW HITPOINT WARNING * * *
You barely miss the orc priest.
The orc priest is lightly wounded.
The orc barely misses you.
The orc priest hits you with a +0 dagger.
* * * LOW HITPOINT WARNING * * *
It was a potion of berserk rage.
A red film seems to cover your vision as you go berserk!
You feel yourself moving faster!
You feel mighty! The orc priest barely misses you.
The orc hits you but does no damage.
You are too berserk!
You are too berserk!
You are too berserk!
You closely miss the orc priest. You punch the orc priest!
The orc priest is almost dead.
You hit the orc priest.
You kill the orc priest!
Lugonu accepts your kill.
You hear some strange, mumbled words.
A puff of flame appears from out of thin air!
The puff of flame hits you.
* * * LOW HITPOINT WARNING * * *
The orc hits you from afar with a +0 trident.
* * * LOW HITPOINT WARNING * * *
You feel a strong urge to attack something.
You feel your anger nearly subside.
You are no longer berserk.
You are exhausted.
You feel yourself slow down.
It was a potion of resistance.
You feel protected. Something hits you.
* * * LOW HITPOINT WARNING * * *
The orc hits you but does no damage. The orc misses you.
You closely miss the orc. Something hits you.
You die...

#........ ######### #........
#.....@.# #........ ##
#######o# #.......$
.#########+.#####o# #o.o.....
.'...##.......†...## +........
.####..............###........
.## #.#.####........o.........
.'###'### #.####..#.###.#####
.##≈≈~≈≈# #.# #..#.# #
.##≈~≈~≈# ### #..#.#


You could see 2 orcs.

Vanquished Creatures
  An orc priest (D:3)
  2 adders (D:2)
  A dart slug (D:3)
  3 endoplasms
  7 goblins
  4 hobgoblins
  4 quokkas
  7 ball pythons
  4 bats
  A frilled lizard (D:1)
  8 kobolds
  2 rats (D:2)
44 creatures vanquished.

Notes
Turn   | Place    | Note
-------+----------+-------------------------------------------
     0 | D:1      | GandalfHyperdrive the Merfolk Transmuter began the quest
                  | for the Orb.
     0 | D:1      | Reached XP level 1. HP: 15/15 MP: 3/3
   614 | D:1      | Reached XP level 2. HP: 21/21 MP: 5/5
  1524 | D:2      | HP: 1/21 [poisoned by an adder]
  1526 | D:2      | Reached XP level 3. HP: 1/26 MP: 4/6
  1858 | D:2      | Reached skill level 4 in Unarmed Combat
  2139 | D:2      | Found a faded altar of an unknown god.
  2148 | D:2      | Prayed at the altar of an unknown god.
  2148 | D:2      | Became a worshipper of Lugonu the Unformed
  2148 | D:2      | Reached * piety under Lugonu
  2148 | D:2      | Reached ** piety under Lugonu
  2910 | D:2      | Reached XP level 4. HP: 17/32 MP: 7/7
  3276 | D:3      | Reached skill level 1 in Stealth
  3409 | D:3      | HP: 1/32 [something (2)]
  3410 | D:3      | Slain by an orc wizard

Illustrated notes

Levels and vault maps discovered:
D:1:      dpeg_arrival_concentric_ovals, layout_basic
D:2:      layout_basic, basic_ecumenical_altar
D:3:      layout_basic, serial_rivers, chequers_serial_rivers_micro_b,
          chequers_serial_rivers_micro_d, chequers_serial_rivers_room_a,
          chequers_serial_rivers_room_b, nicolae_shop_unique_rings, uniq_ijyb,
          uniq_grinder, uniq_natasha

Skill      XL: |  1  2  3  4 |
---------------+-------------+-----
Transmutations | 3 |  3.3
Dodging        | 3 |  3.3
Unarmed Combat | 4 |  4.6
Stealth        | 1 |  1.2
Fighting       | |  1.3
Armour         | |  0.1
Spellcasting   | |  2.3

Action                   |  1- 3 |  4- 6 || total
-------------------------+-------+-------++-------
Melee: Unarmed           |   132 |    18 ||   150
       Headbutt          |     2 |     1 ||     3
       Punch             |     1 |     1 ||     2
 Cast: Beastly Appendage |     6 |     1 ||     7
  Use: Potion            |     1 |     2 ||     3
 Stab: Sleeping          |     2 |       ||     2
Armor: Robe              |    18 |       ||    18
       Skin              |     3 |       ||     3
       Scale mail        |       |    15 ||    15
Dodge: Dodged            |   102 |    14 ||   116

Table legend: (Time is in decaauts)
 A = Elapsed time spent in this place.
 B = Non-inter-level travel time spent in this place.
 C = Inter-level travel time spent in this place.
 D = Time resting spent in this place.
 E = Time spent auto-exploring this place.
 F = Levels seen in this place.
 G = Mean time per level.
                   A        B        C        D        E       F      G
               +--------+--------+--------+--------+--------+-----+--------+
         Total |   3395 |   3375 |     20 |    969 |   1495 |   3 | 1131.7 |
       Dungeon |   3395 |   3375 |     20 |    969 |   1495 |   3 | 1131.7 |
               +--------+--------+--------+--------+--------+-----+--------+

Top non-repeatable levels by time:
     D:2: 1794 daAuts
     D:1: 1464 daAuts
     D:3: 136 daAuts
